 Dungeon Crawl Stone Soup version 0.28-a0-297-g99b01970c5 (webtiles) character file.

Game seed: 5539145742364415607

654260 McIrco the Conqueror (level 27, -30/273 HPs)
             Began as a Minotaur Fighter on Aug 29, 2021.
             Was an Initiate of Gozag.
             Killed from afar by an orb of fire (75 damage)
             ... with a bolt of fire
             ... on level 2 of the Realm of Zot.
             The game lasted 03:08:43 (76085 turns).

McIrco the Conqueror (Minotaur Fighter)            Turns: 76085, Time: 03:08:44

Health: -30/273    AC: 38    Str: 28    XL:     27
Magic:  0/22       EV: 23    Int:  5    God:    Gozag
Gold:   23734      SH: 41    Dex: 16    Spells: 26/26 levels left

rFire   . . .      SeeInvis .   D - +9 broad axe (elec)
rCold   + . .      Faith    .   Y - +8 tower shield {reflect}
rNeg    + . .      Spirit   +   j - +2 plate armour {rPois}
rPois   +          Reflect  +   Z - +2 hat of the Bear Spirit {Spirit, +Rage rN+ Will++}
rElec   .          Harm     .   x - +1 cloak of Starlight {*Dazzle EV+4 Stlth--}
rCorr   .          Rampage  .   u - +3 pair of gauntlets of War {Slay+5}
Will    ++++.                   c - +2 pair of boots {Fly}
Stlth   ..........              S - brooch of Shielding {Spirit SH+8}
HPRegen 0.55/turn               n - +4 ring of slaying
MPRegen 0.18/turn               M - +4 ring of evasion

@: gold aura, flying, studying Transmutations
A: horns 2, retaliatory headbutt, claws 1, cold resistance 1
}: 3/15 runes: decaying, silver, gossamer
a: Renounce Religion, Evoke Berserk Rage, Potion Petition, Call Merchant, Bribe
Branch


You were on level 2 of the Realm of Zot.
You worshipped Gozag.
Gozag was extremely pleased with you.
You visited 11 branches of the dungeon, and saw 50 of its levels.
You visited the Abyss 2 times.
You visited 2 bazaars.
You also visited: Sewer, Ossuary, Bailey and Wizlab.

You collected 31981 gold pieces.
You spent 6869 gold pieces at shops.
You paid 1378 gold pieces to Gozag.

Inventory:

Hand Weapons
 D - a +9 broad axe of electrocution (weapon)
 F - the +2 falchion of the Reaper {venom, rF++ Dex+5}
   (You found it on level 3 of the Elven Halls)

   It poisons the flesh of those it strikes.
   Dex:       It affects your dexterity (+5).
   rF:        It greatly protects you from fire.
Armour
 c - a +2 pair of boots of flying (worn)
 j - a +2 plate armour of poison resistance (worn)
 u - the +3 pair of gauntlets of War (worn) {Slay+5}
   (You bought it in a shop on level 2 of the Depths)

   Slay:      It affects your accuracy & damage with ranged weapons and melee
   (+5).
 x - the +1 cloak of Starlight (worn) {*Dazzle EV+4 Stlth--}
   (You acquired it on level 4 of the Dungeon)

   It may blind those who miss an attack against the wearer in melee combat.
   EV:        It affects your evasion (+4).
   Stlth:     It makes you much less stealthy.
 J - a +2 cloak of willpower
 Y - a +8 tower shield of reflection (worn)
 Z - the +2 hat of the Bear Spirit (worn) {Spirit, +Rage rN+ Will++}
   (You bought it in a shop in a bazaar)

   rN:        It protects you from negative energy.
   +Rage:     It lets you go berserk.
   Will:      It greatly increases your willpower.
Jewellery
 n - a +4 ring of slaying (left hand)
 p - the ring "Ustaery" {rElec rC- rCorr Str+6 Slay+2}
   (You found it on level 5 of the Vaults)

   [ring of strength]

   Str:       It affects your strength (+6).
   Slay:      It affects your accuracy & damage with ranged weapons and melee
   (+2).
   rC:        It makes you vulnerable to cold.
   rElec:     It insulates you from electricity.
   rCorr:     It protects you from acid and corrosion.
 M - a +4 ring of evasion (right hand)
 O - a ring of poison resistance
 S - the brooch of Shielding (around neck) {Spirit SH+8}
   (You bought it in a shop on level 4 of the Depths)

   [amulet of guardian spirit]

   It causes incoming damage to be divided between your reserves of health and
   magic.
   SH:        It affects your SH (+8).
 X - the amulet of New Discoveries {Acrobat rElec rC+}
   (You took it off a necromancer on level 5 of the Vaults)

   [amulet of the acrobat]

   It increases your evasion while moving and waiting.
   rC:        It protects you from cold.
   rElec:     It insulates you from electricity.
Wands
 t - a wand of acid (41)
 E - a wand of flame (15)
 G - a wand of polymorph (41)
 I - a wand of charming (36)
 P - a wand of paralysis (20)
 U - a wand of digging (11)
 V - a wand of iceblast (67)
 W - a wand of mindburst (13)
Scrolls
 g - 10 scrolls of acquirement
 h - 2 scrolls of holy word
 i - 10 scrolls of immolation
 l - 28 scrolls of identify
 m - 3 scrolls of silence
 q - 12 scrolls of teleportation
 y - 5 scrolls of summoning
 A - 10 scrolls of fog
 B - 9 scrolls of blinking
 K - 8 scrolls of enchant armour
 N - 8 scrolls of magic mapping
Potions
 b - 2 potions of resistance
 e - 3 potions of heal wounds
 k - 6 potions of berserk rage
 o - 13 potions of attraction
 r - 9 potions of haste
 w - 5 potions of invisibility
 C - 2 potions of cancellation
 H - 8 potions of mutation
 L - 8 potions of might
 Q - 5 potions of ambrosia
 R - 6 potions of lignification
 T - 24 potions of curing
Miscellaneous
 a - a box of beasts (inert)
 d - a tin of tremorstones (2/2)
 f - a lightning rod (4/4)
 s - a condenser vane (inert)
 v - a phial of floods (inert)
 z - a phantom mirror (inert)


   Skills:
 O Level 27 Fighting
 + Level 20.3 Axes
 O Level 27 Armour
 + Level 13.3 Dodging
 O Level 27 Shields
 + Level 17.3 Evocations


You had 26 spell levels left.
You didn't know any spells.
Your spell library contained the following spells:

 Spells                   Type           Power      Damage    Failure   Level
 Animate Skeleton         Necr           0%         N/A       83%         1
 Apportation              Tloc           0%         N/A       83%         1
 Corona                   Hex            0%         N/A       83%         1
 Foxfire                  Conj/Fire      0%         2x1d4     83%         1
 Magic Dart               Conj           0%         1d3       83%         1
 Shock                    Conj/Air       0%         1d3       83%         1
 Sting                    Tmut/Pois      0%         1d3       83%         1
 Summon Small Mammal      Summ           0%         N/A       83%         1
 Blink                    Tloc           N/A        N/A       93%         2
 Call Imp                 Summ           0%         N/A       93%         2
 Corpse Rot               Necr/Air       N/A        N/A       93%         2
 Ensorcelled Hibernation  Hex/Ice        0%         N/A       93%         2
 Passwall                 Tmut/Erth      0%         N/A       93%         2
 Poisonous Vapours        Pois/Air       0%         N/A       93%         2
 Slow                     Hex            0%         N/A       93%         2
 Static Discharge         Conj/Air       0%         N/A       93%         2
 Call Canine Familiar     Summ           0%         N/A       99%         3
 Conjure Flame            Conj/Fire      0%         6-21      99%         3
 Dazzling Flash           Conj/Hex       0%         N/A       99%         3
 Frozen Ramparts          Ice            0%         1d2       99%         3
 Gell's Gravitas          Tloc           0%         N/A       99%         3
 Ignite Poison            Fire/Tmut/Pois 0%         N/A       99%         3
 Inner Flame              Hex/Fire       0%         N/A       99%         3
 Lesser Beckoning         Tloc           0%         N/A       99%         3
 Mephitic Cloud           Conj/Pois/Air  0%         N/A       99%         3
 Ozocubu's Armour         Ice            0%         N/A       99%         3
 Portal Projectile        Hex/Tloc       0%         N/A       99%         3
 Spider Form              Tmut/Pois      0%         N/A       99%         3
 Summon Guardian Golem    Hex/Summ       0%         N/A       99%         3
 Swiftness                Air            0%         N/A       99%         3
 Teleport Other           Tloc           0%         N/A       99%         3
 Tukima's Dance           Hex            0%         N/A       99%         3
 Airstrike                Air            0%         N/A       100%        4
 Dispel Undead            Necr           0%         3d6       100%        4
 Fulminant Prism          Conj/Hex       0%         3d6       100%        4
 Hailstorm                Conj/Ice       0%         3d3       100%        4
 Ice Form                 Ice/Tmut       0%         N/A       100%        4
 Iskenderun's Mystic Bla  Conj/Tloc      0%         2d3       100%        4
 Leda's Liquefaction      Hex/Erth       0%         N/A       100%        4
 Olgreb's Toxic Radiance  Pois           0%         N/A       100%        4
 Sticky Flame             Conj/Fire      0%         2d3       100%        4
 Summon Ice Beast         Ice/Summ       0%         N/A       100%        4
 Summon Lightning Spire   Summ/Air       0%         N/A       100%        4
 Alistair's Intoxication  Tmut/Pois      0%         N/A       100%        5
 Blade Hands              Tmut           0%         N/A       100%        5
 Bolt of Magma            Conj/Fire/Erth 0%         4d4       100%        5
 Borgnjor's Vile Clutch   Necr/Erth      0%         N/A       100%        5
 Fireball                 Conj/Fire      0%         3d3       100%        5
 Freezing Cloud           Conj/Ice/Air   0%         6-21      100%        5
 Irradiate                Conj/Tmut      0%         3d14      100%        5
 Iskenderun's Battlesphe  Conj           0%         2d6       100%        5
 Lee's Rapid Deconstruct  Erth           0%         3d5*      100%        5
 Lightning Bolt           Conj/Air       0%         1d11      100%        5
 Manifold Assault         Tloc           0%         N/A       100%        5
 Silence                  Hex/Air        0%         N/A       100%        5
 Summon Forest            Summ/Tloc      0%         N/A       100%        5
 Conjure Ball Lightning   Conj/Air       0%         3x3d6     100%        6
 Dispersal                Tloc           0%         N/A       100%        6
 Eringya's Noxious Bog    Tmut/Pois      0%         N/A       100%        6
 Invisibility             Hex            0%         N/A       100%        6
 Simulacrum               Ice/Necr       0%         N/A       100%        6
 Starburst                Conj/Fire      0%         6d3       100%        6
 Statue Form              Tmut/Erth      0%         N/A       100%        6
 Dragon Form              Tmut           0%         N/A       100%        7
 Haunt                    Necr/Summ      0%         N/A       100%        7
 Malign Gateway           Summ/Tloc      0%         N/A       100%        7
 Ozocubu's Refrigeration  Ice            0%         4d5       100%        7
 Summon Hydra             Summ           0%         N/A       100%        7
 Discord                  Hex            0%         N/A       100%        8
 Disjunction              Tloc           0%         N/A       100%        8
 Ignition                 Fire           0%         3d3       100%        8
 Summon Horrible Things   Summ           0%         N/A       100%        8
 Chain Lightning          Conj/Air       0%         N/A       100%        9
 Fire Storm               Conj/Fire      0%         5d1       100%        9
 Polar Vortex             Ice            0%         N/A       100%        9
 Shatter                  Erth           0%         3d5*      100%        9


Dungeon Overview and Level Annotations

Branches:
Dungeon (15/15)            Temple (1/1) D:7            Lair (6/6) D:11
  Swamp (4/4) Lair:4       Spider (4/4) Lair:3        Slime (0/5) Lair:5
    Orc (2/2) D:11            Elf (3/3) Orc:2        Vaults (5/5) D:14
  Crypt (3/3) Vaults:2       Tomb (0/3) Crypt:3      Depths (5/5) D:15
    Zot (2/5) Depths:5      Sewer (visited)         Ossuary (visited)
 Bailey (visited)          WizLab (visited)

Altars:
Ashenzari
Cheibriados
Dithmenos
Elyvilon
Fedhas
Gozag
Hepliaklqana
Kikubaaqudgha
Makhleb
Nemelex Xobeh
Okawaru
Qazlal
Ru
Sif Muna
Trog
Uskayaw
Vehumet
Wu Jian
Xom
Yredelemnul
Zin
The Shining One
Beogh

Shops:
D:1 [   D:6 [   Orc:2 [*[([   Elf:1 :   Vaults:2 (   Vaults:3 =   Vaults:5 ?
Zot:1 *   Depths:2 [   Depths:4 ::=:   Depths:5 !:?

Portals:
Hell: Depths:1 Depths:2 Depths:3 Depths:4 Depths:5
Abyss: Depths:4
Pandemonium: Depths:3 Depths:4
Ziggurat: Depths:4


Innate Abilities, Weirdness & Mutations

You have a pair of horns on your head.
You reflexively headbutt those who attack you in melee.
You have sharp fingernails.
Your flesh is cold resistant. (rC+)


Message History

The moth of wrath's fur bristles in rage as it notices you.
You hear a roar!
The white draconian shifter gestures wildly while chanting.
The white draconian shifter blinks!
A red draconian comes into view. It is wielding a +0 long sword.
The storm dragon moves out of view.
Unknown command.
Unknown command.
Unknown command.
Unknown command.
You are too injured to fight recklessly!
Unknown command.
Unknown command.
You slash the moth of wrath!
The moth of wrath is moderately wounded.
You block the moth of wrath's attack.
Unknown command.
You barely miss the moth of wrath. You headbutt the moth of wrath!
The moth of wrath is heavily wounded.
You block the moth of wrath's attack.
Unknown command.
You feel much better. The golden dragon misses you. You furiously retaliate!
You headbutt the golden dragon.
You block the golden dragon's attack. x2
The moth of wrath angrily waves its antennae.
You block the moth of wrath's attack.
Unknown command.
You slice the moth of wrath!!
You kill the moth of wrath!
You now have 23734 gold pieces (gained 5).
You slash the golden dragon! You miss the orb of fire.
The golden dragon breathes fire at you. The bolt of fire hits you!!!
* * * LOW HITPOINT WARNING * * *
You slash the orb of fire!
The orb of fire is lightly damaged.
You slice the golden dragon!!
The orb of fire emits a lurid red light.
The bolt of fire hits you!!!!
You die...
Your body crumbles into a pile of gold.

##....# ##...#
§.>............
##..##
≈§.............
##..#
≈≈≈≈...........
##.###≈≈≈...q...d...
##..##≈≈≈.......>..
#### #≈≈....d.....
#≈≈.≈.*..(≈..
#≈§≈≈@DD§≈§
#§§≈≈≈≈≈§§§≈≈
#############


You could see an orb of fire, a golden dragon, a storm dragon, a red draconian,
a white draconian and a white draconian shifter.

Vanquished Creatures
  3 dread liches
  An ancient lich (Vaults:4)
  A juggernaut (Depths:2)
  Bai Suzhen (Depths:3)
  Xtahua (Crypt:1)
  A caustic shrike (Depths:3)
  A curse toe (Zot:2)
  11 golden dragons
  Jory (Depths:3)
  Arachne (Spider:2)
  Nikola (Swamp:1)
  A bone dragon (Crypt:3)
  14 tentacled monstrosities
  Mlioglotl (Swamp:3)
  3 hellephants (Depths:2)
  10 liches
  A Hell Sentinel (Abyss:2)
  7 deep elf blademasters
  6 titans
  An acid blob (shapeshifter) (Vaults:1)
  A titan (shapeshifter) (Vaults:4)
  8 quicksilver dragons
  3 deep elf master archers (Elf:3)
  4 tentacled starspawn (Abyss:2)
  An Executioner (Abyss:2)
  2 ancient champions (Crypt:2)
  3 tengu reavers
  A thorn hunter (Swamp:4)
  8 sphinxes
  8 shadow dragons
  The ghost of tape the Demonic Blade, an adept DsMo of Wu Jian (Elf:3)
  4 storm dragons
  Roxanne (Swamp:3)
  Donald (Swamp:2)
  4 fenstrider witches
  A revenant (Crypt:1)
  3 iron dragons
  7 ghost moths
  A draconian scorcher (Zot:2)
  A cacodemon (Abyss:2)
  12 vault wardens
  6 emperor scorpions
  5 deep elf sorcerers
  A balrug (Abyss:2)
  4 draconian knights (Zot:1)
  2 orc warlords
  14 fire giants
  An angel (Abyss:2)
  5 draconian shifters
  3 deep elf elementalists (Elf:3)
  9 ghouls
  11 frost giants
  23 very ugly things
  A curse skull (Crypt:1)
  2 draconian annihilators
  14 ironbound preservers
  8 spriggan defenders
  8 war gargoyles
  2 reapers (Crypt:2)
  6 draconian stormcallers
  19 stone giants
  9 vampire knights
  9 deep elf annihilators
  8 green draconians
  7 yellow draconians
  A white draconian (Zot:1)
  7 bunyips
  7 deep elf demonologists
  5 black draconians
  3 entropy weavers
  10 red draconians
  10 spark wasps
  14 purple draconians
  8 dire elephants
  9 statues (WizLab)
  Snorg (Lair:4)
  25 ettins
  A blizzard demon (Swamp:4)
  An eidolon (Crypt:1)
  2 jiangshi (Crypt:2)
  6 eleionomae
  2 merfolk impalers (Depths:5)
  3 crystal guardians (Crypt:3)
  13 deep elf death magi
  6 great orbs of eyes
  11 fire dragons
  15 yaktaur captains
  7 deep elf high priests
  2 monstrous demonspawn
  Harold (D:8)
  A rakshasa (D:15)
  3 green deaths
  40 vault guards
  8 ice dragons
  The ghost of PirateVox the Cleaver, a journeyman GnBe of Trog (D:10)
  5 boulder beetles
  5 ironbound thunderhulks
  5 spriggan air magi
  3 peacekeepers (Vaults:4)
  16 hydras
  3 ghost crabs
  2 catoblepae
  10 ironbound frosthearts
  The ghost of Colgate the Brawler, a journeyman BaBe of Trog (D:8)
  29 centaur warriors
  21 alligators
  3 ogre magi
  9 death yaks
  2 two-headed ogres
  3 death knights
  11 thrashing horrors (Abyss:2)
  The ghost of Colgate the Cruncher, a novice FoFi of Yredelemnul (D:9)
  11 deep troll earth magi
  8 hell hogs (Depths:2)
  12 deep troll shamans
  5 tengu warriors
  3 vampire magi
  An orc high priest (Orc:2)
  11 spriggan berserkers
  6 ironbound beastmasters
  A titan zombie (Crypt:3)
  The ghost of Gilette the Geomancer, a novice DrEE of Vehumet (D:9)
  19 deep elf knights
  2 sun demons (Abyss:2)
  Sonja (Orc:1)
  A titan skeleton (Vaults:2)
  20 hell knights
  3 soul eaters
  45 skeletal warriors
  4 wretched stars (Abyss:2)
  A shadow wraith (Vaults:5)
  A death drake (Swamp:4)
  13 iron trolls
  3 sixfirhies
  A fire crab (Lair:5)
  5 goliath frogs
  2 golden dragon zombies
  An anaconda zombie (Abyss:2)
  A quicksilver dragon simulacrum (Crypt:1)
  5 swamp dragons
  5 spriggan druids
  2 glowing orange brains (Depths:5)
  5 bog bodies
  A shadow dragon zombie (Crypt:3)
  11 deep elf archers
  18 wizards
  A golden dragon skeleton (Crypt:3)
  14 phantasmal warriors
  3 flayed ghosts
  An infernal demonspawn (Depths:4)
  6 orc knights
  7 starcursed masses (Abyss:2)
  25 ironbound convokers
  53 deep trolls
  An orb spider (shapeshifter) (Elf:2)
  5 spectral wolf spiders (Spider:1)
  22 orb spiders
  A shadow dragon skeleton (Crypt:2)
  31 deep elf pyromancers
  31 deep elf zephyrmancers
  5 lindwurms
  The ghost of GordonOverkill the Skirmisher, a novice FeNe of Ashenzari (Lair:1)
  Pikel (D:5)
  7 wolf spider zombies
  6 orc sorcerers
  A shining eye (shapeshifter) (Depths:5)
  3 harpies (Vaults:4)
  11 necromancers
  31 ugly things
  4 manticores
  An iron dragon zombie (Crypt:1)
  35 wolf spiders
  A goliath frog skeleton (Crypt:2)
  6 cyclopes
  A fire giant skeleton (Vaults:2)
  2 will-o-the-wisps
  A dire elephant zombie (Crypt:3)
  A salamander (shapeshifter) (Vaults:5)
  28 vault sentinels
  19 moths of wrath
  10 elephants
  5 black mambas
  A stone giant skeleton (Vaults:2)
  2 frost giant skeletons
  A guardian serpent (Lair:6)
  An eye of devastation (Abyss:2)
  6 smoke demons (Abyss:2)
  2 orange demons
  26 cane toads
  An elf skeleton (Vaults:2)
  5 gargoyles
  9 torpor snails
  A hellion (Abyss:2)
  5 rime drakes
  A sea snake zombie (Crypt:2)
  An unseen horror (shapeshifter) (Elf:2)
  A kobold demonologist (Abyss:2)
  A purple draconian zombie (Crypt:2)
  18 tengu conjurers
  7 komodo dragons
  2 efreet
  35 yaktaurs
  2 red devils
  6 freezing wraiths
  5 hellwings
  2 ice devils (Depths:3)
  A yaktaur skeleton (Vaults:2)
  A merfolk (shapeshifter) (Vaults:5)
  23 demonic crawlers
  4 ancient zymes (Abyss:2)
  A silent spectre (Abyss:2)
  25 jumping spiders
  Grinder (D:5)
  A hydra zombie (Crypt:1)
  4 meliai
  10 trolls
  2 harpy skeletons
  2 polar bears
  A moth of wrath zombie (Crypt:1)
  A hydra skeleton (Crypt:3)
  10 tyrant leeches
  30 hornets
  7 raiju (Abyss:2)
  21 blink frogs
  5 wolf spider simulacra
  6 human skeletons (Vaults:2)
  26 slime creatures
  An iron dragon simulacrum (Crypt:1)
  5 dream sheep (Lair:5)
  An ettin zombie (Crypt:1)
  2 fire dragon zombies (Crypt:3)
  A shadow (D:11)
  2 alligator skeletons
  2 air elementals
  36 flying skulls
  30 tarantellas
  35 spriggans
  74 redbacks
  14 wyverns
  3 ettin skeletons
  56 yaks
  6 fire bats
  5 ynoxinuls
  7 fire elementals
  8 wraiths
  10 water elementals
  A fire dragon skeleton (Crypt:3)
  3 golden eyes (Abyss:2)
  7 vampire mosquitoes
  4 basilisks
  A neqoxec (Abyss:2)
  4 chaos spawn
  An infernal demonspawn zombie (Crypt:1)
  16 swamp worms
  17 large abominations
  6 wargs
  13 water moccasins
  An acid dragon (D:12)
  4 hell hounds (Abyss:2)
  A floating eye (Depths:2)
  13 small abominations (Abyss:2)
  32 orc warriors
  4 swamp drakes
  A sky beast (D:6)
  7 ogres
  2 ice beasts
  7 boggarts
  A hornet zombie (Crypt:2)
  11 centaurs
  9 necrophages
  6 wolves (Lair:4)
  2 snapping turtle skeletons (Crypt:1)
  A swamp dragon skeleton (Crypt:1)
  2 kobold brigands
  A lemure (D:5)
  A bullfrog (shapeshifter) (D:12)
  15 bullfrogs
  A draconian skeleton (Crypt:1)
  4 scorpions
  2 earth elementals
  A wyvern skeleton (D:7)
  A hornet simulacrum (D:14)
  A water moccasin zombie (D:6)
  A polar bear zombie (Crypt:2)
  4 wights (D:9)
  3 electric eels
  8 howler monkeys
  3 crimson imps (Abyss:2)
  5 centaur zombies
  20 orc priests
  A quasit (Abyss:2)
  A hound (shapeshifter) (Abyss:2)
  3 hounds
  4 centaur skeletons
  A basilisk zombie (Crypt:1)
  A bullfrog skeleton (D:4)
  3 iron imps (Abyss:2)
  4 jellies
  A demonspawn skeleton (Crypt:2)
  A gnoll shaman (D:6)
  An iguana (D:5)
  21 orc wizards
  A killer bee zombie (D:8)
  A demigod zombie (Crypt:1)
  An ogre skeleton (Crypt:1)
  A dwarf skeleton (Crypt:1)
  A mummy (Ossuary)
  9 gnolls
  3 adders (Sewer)
  A swamp drake skeleton (Crypt:1)
  3 shadow imps
  9 white imps
  2 ufetubi
  6 dart slugs
  94 orcs
  3 spectral bats (Ossuary)
  6 bats
  6 endoplasms
  2 giant cockroaches (D:4)
  11 goblins
  8 hobgoblins
  A quokka (D:2)
  8 ball pythons
  4 bat simulacra (Ossuary)
  8 frilled lizards
  12 gnoll zombies (Ossuary)
  6 goblin simulacra (Ossuary)
  A goblin skeleton (Crypt:2)
  7 goblin zombies (Ossuary)
  5 hobgoblin zombies (Ossuary)
  9 kobolds
  2 kobold simulacra (Ossuary)
  2 kobold skeletons
  2 kobold zombies (Ossuary)
  4 orc zombies (Ossuary)
  10 rats
  A rat simulacrum (Ossuary)
  2 spectral goblins (Ossuary)
  A spectral kobold (Ossuary)
  2 spectral rats (Ossuary)
  7 briar patches (Swamp:4)
  4 starspawn tentacles (Abyss:2)
2458 creatures vanquished.

Vanquished Creatures (collateral kills)
  Margery (Depths:3)
  A vault warden (Vaults:4)
  A daeva (Depths:4)
  A purple draconian (WizLab)
  2 vault guards
  An ironbound frostheart (Vaults:1)
  A hell knight (Depths:3)
  3 tengu conjurers (WizLab)
11 creatures vanquished.

Vanquished Creatures (others)
  An ironbound preserver (Vaults:5)
  30 dancing weapons
  An alligator (Swamp:3)
  A necromancer (Depths:2)
  A deep elf zephyrmancer (Elf:3)
  A wolf spider (Spider:1)
  A deep elf pyromancer (Elf:2)
  A bloated husk (Swamp:3)
  A tyrant leech (Swamp:3)
  2 swamp worms (Swamp:3)
  41 fungi
  A lurking horror (Abyss:2)
  109 plants
  9 starspawn tentacles (Abyss:2)
  6 withered plants (D:9)
206 creatures vanquished.

Grand Total: 2675 creatures vanquished

Notes
Turn   | Place    | Note
-------+----------+-------------------------------------------
     0 | D:1      | McIrco the Minotaur Fighter began the quest for the Orb.
     0 | D:1      | Reached XP level 1. HP: 19/19 MP: 0/0
    42 | D:1      | Found Foseg's Antique Armour Boutique.
   300 | D:1      | Reached XP level 2. HP: 27/27 MP: 1/1
   839 | D:2      | Reached XP level 3. HP: 33/33 MP: 2/2
   959 | D:2      | Found a glowing golden altar of the Shining One.
  1993 | D:4      | Identified 2 scrolls of acquirement
  1993 | D:4      | Acquired the +1 cloak of Starlight {*Dazzle EV+4 Stlth--}
  1993 | D:4      | Found the +1 cloak of Starlight {*Dazzle EV+4 Stlth--}
  2047 | D:4      | Noticed a bullfrog
  2049 | D:4      | Found a glowing drain.
  2052 | D:4      | Killed a bullfrog
  2053 | D:4      | Reached skill level 5 in Armour
  2053 | D:4      | Reached XP level 4. HP: 41/41 MP: 3/3
  2065 | Sewer    | Entered a sewer
  2170 | Sewer    | Reached XP level 5. HP: 44/47 MP: 4/4
  2482 | D:4      | Noticed a necrophage
  2489 | D:4      | Killed a necrophage
  2518 | D:4      | Reached XP level 6. HP: 54/55 MP: 5/5
  2542 | D:4      | Reached skill level 5 in Shields
  2692 | D:4      | Reached skill level 5 in Fighting
  3106 | D:4      | Reached XP level 7. HP: 58/61 MP: 6/6
  3206 | D:5      | Entered Level 5 of the Dungeon
  3258 | D:5      | Noticed Pikel
  3276 | D:5      | Killed Pikel
  3277 | D:5      | Reached XP level 8. HP: 8/71 MP: 7/7
  3912 | D:5      | Noticed Grinder
  3923 | D:5      | Paralysed by Grinder for 5 turns
  3932 | D:5      | Paralysed by Grinder for 6 turns
  3941 | D:5      | Killed Grinder
  3942 | D:5      | Reached skill level 10 in Armour
  4127 | D:5      | Found a burning altar of Makhleb.
  4127 | D:5      | Noticed a balrug
  4130 | D:5      | Noticed a hellwing
  4203 | D:6      | Found a sand-covered staircase.
  4208 | Ossuary  | Entered an ossuary
  4655 | D:6      | Found Qasys's Armour Boutique.
  4690 | D:6      | Reached XP level 9. HP: 53/79 MP: 8/8
  5669 | D:7      | Found a staircase to the Ecumenical Temple.
  5698 | Temple   | Entered the Ecumenical Temple
  5842 | Temple   | Became a worshipper of Gozag Ym Sagoz the Greedy
  5908 | D:7      | Reached skill level 1 in Dodging
  5959 | D:7      | Found a broken altar of Ashenzari.
  5965 | D:7      | Found a hazy altar of Hepliaklqana.
  6461 | D:8      | Noticed Harold
  6474 | D:8      | Killed Harold
  6475 | D:8      | Reached XP level 10. HP: 68/91 MP: 9/9
  6507 | D:8      | Found an ancient bone altar of Kikubaaqudgha.
  6545 | D:8      | Reached skill level 10 in Shields
  6688 | D:8      | Found a flagged portal.
  6699 | Bailey   | Entered a bailey
  6883 | Bailey   | Noticed an orc knight
  6905 | Bailey   | Killed an orc knight
  6906 | Bailey   | Reached skill level 5 in Axes
  7391 | D:8      | Found a runed translucent gate.
  7391 | D:8      | Found a runed translucent gate.
  7392 | D:8      | Found a runed translucent gate.
  7392 | D:8      | Noticed Colgate's ghost (journeyman BaBe)
  7565 | D:8      | Found a hide-covered altar of Uskayaw.
  8336 | D:9      | Found a runed translucent gate.
  8336 | D:9      | Found a runed translucent gate.
  8336 | D:9      | Found a runed translucent gate.
  8339 | D:9      | Noticed Gilette's ghost (novice DrEE)
  8339 | D:9      | Noticed Colgate's ghost (novice FoFi)
  8508 | D:10     | Entered Level 10 of the Dungeon
  8520 | D:10     | Noticed a fire dragon
  8529 | D:10     | HP: 4/91 [fire dragon/blast of flame (26)]
  8534 | D:10     | Killed a fire dragon
  8851 | D:10     | Noticed a two-headed ogre
  8860 | D:10     | Killed a two-headed ogre
  8983 | D:10     | Found a sparkling altar of Nemelex Xobeh.
  9293 | D:10     | Noticed a gargoyle
  9844 | D:10     | Reached XP level 11. HP: 87/97 MP: 10/10
 10193 | D:10     | Found a runed translucent door.
 10193 | D:10     | Noticed PirateVox's ghost (journeyman GnBe)
 10533 | D:11     | Noticed a death knight
 10533 | D:11     | Noticed a phantasmal warrior
 11022 | D:11     | Found a staircase to the Orcish Mines.
 11058 | Orc:1    | Entered Level 1 of the Orcish Mines
 11131 | Orc:2    | Entered Level 2 of the Orcish Mines
 11141 | Orc:2    | Found Lemil Ebugg's Antique Armour Shop.
 11238 | Orc:2    | Found Cuotz's Assorted Antiques.
 11281 | Orc:1    | Noticed a two-headed ogre
 11281 | Orc:1    | Noticed Sonja
 11288 | Orc:1    | Reached skill level 10 in Fighting
 11522 | Orc:2    | Killed a two-headed ogre
 12194 | Orc:2    | Bought a scroll labelled AZIYRO KUEDUHU for 23 gold pieces
 12542 | D:11     | Reached skill level 10 in Axes
 12737 | D:11     | Killed a death knight
 12745 | D:11     | Killed a phantasmal warrior
 13110 | D:11     | Found a staircase to the Lair.
 13321 | Lair:1   | Entered Level 1 of the Lair of Beasts
 13787 | Lair:1   | Reached XP level 12. HP: 93/108 MP: 11/11
 14295 | Lair:1   | Found a runed translucent door.
 14296 | Lair:1   | Found a shimmering altar of Xom.
 14296 | Lair:1   | Noticed GordonOverkill's ghost (novice FeNe)
 14659 | Lair:1   | Killed GordonOverkill's ghost
 15173 | Lair:2   | Noticed a five-headed hydra
 15831 | D:12     | Noticed a deep troll earth mage
 15846 | D:12     | Killed a deep troll earth mage
 16697 | D:12     | Reached XP level 13. HP: 82/117 MP: 12/12
 18207 | D:13     | Reached skill level 15 in Armour
 18985 | D:14     | Cast into level 2 of the Abyss (a wizard)
 18986 | Abyss:2  | Acquired a +2 tower shield of reflection
 19010 | Abyss:2  | Noticed a tentacled starspawn
 19017 | Abyss:2  | Killed a tentacled starspawn
 19041 | D:14     | Escaped the Abyss
 19699 | D:14     | Reached skill level 15 in Axes
 19844 | D:14     | Found a gate to the Vaults.
 19874 | D:14     | Reached XP level 14. HP: 94/129 MP: 13/13
 20654 | D:9      | Killed Colgate's ghost
 20658 | D:9      | Killed Gilette's ghost
 20741 | D:8      | Killed Colgate's ghost
 20847 | D:10     | Killed PirateVox's ghost
 21073 | D:15     | Entered Level 15 of the Dungeon
 21078 | D:15     | Reached skill level 15 in Shields
 22223 | Lair:2   | Identified the +8 short sword "Deumiov" {speed, rCorr
                  | Int+2}
 23422 | Lair:3   | Found a hole to the Spider Nest.
 24182 | Lair:3   | Found a runed translucent door.
 24790 | Lair:4   | Noticed Snorg
 24820 | Lair:4   | Killed Snorg
 25209 | Lair:4   | Reached XP level 15. HP: 136/136 MP: 14/14
 25913 | Lair:4   | Found a staircase to the Swamp.
 26592 | Lair:5   | Found a staircase to the Slime Pits.
 26937 | Lair:6   | Entered Level 6 of the Lair of Beasts
 28532 | Lair:6   | Found a runed translucent door.
 28568 | Lair:6   | Paralysed by a hornet for 2 turns
 30001 | Orc:2    | Found a staircase to the Elven Halls.
 30043 | Orc:2    | Found Muatism's Armour Emporium.
 30436 | Orc:2    | Noticed an orc warlord
 30588 | Orc:2    | Killed an orc warlord
 30691 | Orc:2    | Found Toammem's Antique Armour Emporium.
 30700 | Orc:2    | Found Rutur's Antique Weapon Shoppe.
 31580 | D:15     | Reached XP level 16. HP: 147/147 MP: 15/15
 32362 | D:15     | Found a staircase to the Depths.
 32614 | Spider:1 | Entered Level 1 of the Spider Nest
 34603 | Spider:2 | Noticed Arachne
 34636 | Spider:2 | Killed Arachne
 35191 | Spider:2 | Reached skill level 15 in Fighting
 37265 | Spider:3 | Reached XP level 17. HP: 156/156 MP: 16/16
 37748 | Spider:4 | Entered Level 4 of the Spider Nest
 38242 | Spider:4 | HP: 6/156 [wolf spider (14)]
 39951 | Spider:4 | Got a gossamer rune of Zot
 40828 | Vaults:1 | Entered Level 1 of the Vaults
 40960 | Vaults:1 | Reached skill level 1 in Evocations
 41016 | Vaults:1 | Found a flickering gateway to a bazaar.
 41022 | Bazaar   | Entered a bazaar
 41022 | Bazaar   | Found Zethres's Magic Scroll Boutique.
 41022 | Bazaar   | Found Uxaer's Antique Armour Shoppe.
 41022 | Bazaar   | Found Utwotuk's Distillery.
 41104 | Bazaar   | Found Latarphur's Book Shop.
 41151 | Bazaar   | Bought a potion of curing for 21 gold pieces
 41151 | Bazaar   | Bought a potion of curing for 21 gold pieces
 41151 | Bazaar   | Bought a potion of curing for 21 gold pieces
 41151 | Bazaar   | Bought a potion of curing for 21 gold pieces
 41151 | Bazaar   | Bought a potion of might for 28 gold pieces
 41151 | Bazaar   | Bought a potion of invisibility for 56 gold pieces
 41151 | Bazaar   | Bought a potion of might for 28 gold pieces
 41154 | Bazaar   | Bought a scroll of enchant armour for 90 gold pieces
 41187 | Bazaar   | Bought the +0 pair of fencer's gloves {Riposte Dex+3} for
                  | 600 gold pieces
 41187 | Bazaar   | Found the +0 pair of fencer's gloves {Riposte Dex+3}
 41207 | Bazaar   | Bought the +2 hat of the Bear Spirit {Spirit, +Rage rN+
                  | Will++} for 586 gold pieces
 41207 | Bazaar   | Found the +2 hat of the Bear Spirit {Spirit, +Rage rN+
                  | Will++}
 41851 | Vaults:1 | Reached XP level 18. HP: 146/166 MP: 14/17
 42553 | Vaults:1 | Noticed an iron giant
 42557 | Vaults:1 | an iron giant changed into an acid blob
 42559 | Vaults:1 | Noticed a caustic shrike
 42559 | Vaults:1 | an acid blob changed into a caustic shrike
 42561 | Vaults:1 | Noticed a golden dragon
 42561 | Vaults:1 | a caustic shrike changed into a golden dragon
 42569 | Vaults:1 | a golden dragon changed into an acid blob
 43609 | Vaults:2 | Identified the +1 chain mail "Ybo Vunu" {Will+}
 43673 | Vaults:2 | Reached XP level 19. HP: 166/174 MP: 16/18
 44106 | Vaults:2 | Found Kegestrae's Weapon Boutique.
 44288 | Vaults:2 | Found a staircase to the Crypt.
 44472 | Vaults:2 | Identified the +6 trident "Usyka" {vamp, rPois rF+}
 44655 | Vaults:3 | Reached skill level 5 in Evocations
 45115 | Vaults:3 | Found Icweil Isoux's Jewellery Emporium.
 45372 | Vaults:3 | Identified the +7 long sword of Tender Mercy {elec, *Slow
                  | rN+ Int+3}
 45721 | Vaults:4 | Found a flickering gateway to a bazaar.
 45794 | Bazaar   | Entered a bazaar
 45794 | Bazaar   | Found Tojuycurch's Weapon Emporium.
 45808 | Bazaar   | Found Doecvedu's Armour Shop.
 45820 | Bazaar   | Found Ludauqor's Jewellery Shop.
 45841 | Bazaar   | Found Odwuh's General Store.
 45851 | Bazaar   | Found Kystrun's Distillery.
 45859 | Bazaar   | Bought a potion of curing for 57 gold pieces
 45859 | Bazaar   | Bought 2 potions of invisibility for 304 gold pieces
 45859 | Bazaar   | Bought a potion of curing for 57 gold pieces
 45859 | Bazaar   | Bought 2 potions of might for 152 gold pieces
 45859 | Bazaar   | Bought a potion of mutation for 152 gold pieces
 45859 | Bazaar   | Bought a potion of invisibility for 152 gold pieces
 45859 | Bazaar   | Bought a potion of heal wounds for 95 gold pieces
 45886 | Bazaar   | Bought a +2 pair of boots of flying for 193 gold pieces
 46483 | Vaults:4 | Reached XP level 20. HP: 177/191 MP: 16/19
 47274 | Elf:1    | Entered Level 1 of the Elven Halls
 47429 | Elf:1    | Found Unyoqef's Book Boutique.
 47594 | Elf:1    | Cast into level 2 of the Abyss (+1 glaive of distortion)
 48223 | Abyss:2  | Reached skill level 5 in Dodging
 48578 | Abyss:2  | Paralysed by an air elemental for 1 turns
 48913 | Elf:1    | Escaped the Abyss
 49413 | Elf:1    | Paralysed by an air elemental for 1 turns
 49432 | Elf:1    | Reached XP level 21. HP: 135/204 MP: 13/20
 50101 | Elf:2    | Found a runed translucent door.
 50125 | Elf:2    | Found a runed translucent door.
 50855 | Elf:3    | Entered Level 3 of the Elven Halls
 50881 | Elf:3    | Identified the ring of Suoq {Int+6 Dex+5 Stlth+}
 50901 | Elf:3    | Found a transporter.
 50923 | Elf:3    | Found a transporter.
 50923 | Elf:3    | Identified the +9 longbow of Syjuigeise {speed, rC- rN+++
                  | Str+4 Int+2}
 50925 | Elf:3    | Noticed tape's ghost (adept DsMo)
 50927 | Elf:3    | Found a bloodstained altar of Trog.
 51265 | Elf:3    | Reached skill level 10 in Evocations
 51420 | Elf:3    | Identified the +10 rapier of Twilight {vorpal, rElec Int+5
                  | Dex+4 Stlth+}
 51420 | Elf:3    | Identified the +1 troll leather armour of Rotten Freedom
                  | {Harm rF+ rN+ Regen+}
 51498 | Elf:3    | Got the Grimoire of Poisoning and the Rocks
 51506 | Elf:3    | Identified the +2 falchion of the Reaper {venom, rF++
                  | Dex+5}
 51511 | Elf:3    | Identified the +0 robe of the Exiled Deaths {rF- Int+2
                  | Dex+2 Archmagi}
 51513 | Elf:3    | Identified the +3 scale mail of Words of Power {Contam rC-
                  | Regen+ Dex+9}
 51520 | Elf:3    | Identified the +7 shortbow of the Valley of Death {venom,
                  | rElec rPois Int+2 Dex+2}
 51524 | Elf:3    | Identified the amulet "Hecle" {Spirit Int+4}
 51529 | Elf:3    | Identified the ring of Xaak {Str+4 Int+6 Stlth+}
 52394 | Vaults:5 | Entered Level 5 of the Vaults
 52406 | Vaults:5 | Reached XP level 22. HP: 213/220 MP: 19/21
 52446 | Vaults:5 | Identified the +12 mace of the Old World {vorpal, Dex+3}
 52760 | Vaults:5 | Noticed an ancient lich
 52781 | Vaults:4 | Killed an ancient lich
 52894 | Vaults:5 | Noticed a golden dragon
 53267 | Vaults:4 | Killed a golden dragon
 53528 | Vaults:5 | Found Goidoghe's Magic Scroll Boutique.
 53534 | Vaults:5 | Bought a scroll of magic mapping for 73 gold pieces
 53534 | Vaults:5 | Bought a scroll of teleportation for 63 gold pieces
 53534 | Vaults:5 | Bought a scroll of magic mapping for 73 gold pieces
 53534 | Vaults:5 | Bought a scroll of teleportation for 63 gold pieces
 53534 | Vaults:5 | Bought a scroll of blinking for 157 gold pieces
 53534 | Vaults:5 | Bought a scroll of teleportation for 63 gold pieces
 53571 | Vaults:5 | Noticed a dread lich
 53579 | Vaults:5 | Identified the +5 dagger of Jiavusil {speed, rPois rN+}
 53589 | Vaults:5 | Noticed a dread lich
 53596 | Vaults:5 | Killed a dread lich
 53597 | Vaults:5 | Reached XP level 23. HP: 172/234 MP: 16/22
 53622 | Vaults:4 | Killed a dread lich
 53720 | Vaults:5 | Identified the amulet of New Discoveries {Acrobat rElec
                  | rC+}
 54145 | Vaults:5 | Found the +8 Wrath of Trog {antimagic, *Rage Rampage}
 54157 | Vaults:5 | Identified the +1 robe "Gadamn" {Will+ SInv}
 54404 | Vaults:5 | Identified the +6 hand axe of Agigea {vorpal, Contam rElec
                  | rN+ rCorr}
 54409 | Vaults:5 | Got a silver rune of Zot
 54506 | Vaults:5 | Found the +6 lightning scales {swift, rElec}
 54636 | Vaults:5 | Identified the +1 shortbow "Teomil" {freeze, Fragile rElec
                  | rCorr Dex-3}
 54668 | Vaults:5 | Identified the ring "Ustaery" {rElec rC- rCorr Str+6
                  | Slay+2}
 54907 | Depths:1 | Entered Level 1 of the Depths
 55253 | Depths:1 | Found a gateway to Hell.
 55420 | Depths:1 | Found a hazy altar of Hepliaklqana.
 55460 | Depths:1 | Got Muiwupub's Papyrus of Cankerous Slavery
 56265 | Depths:2 | Found Konutt's Armour Shoppe.
 56271 | Depths:2 | Bought the +3 pair of gauntlets of War {Slay+5} for 665
                  | gold pieces
 56271 | Depths:2 | Found the +3 pair of gauntlets of War {Slay+5}
 56644 | Depths:2 | Noticed a juggernaut
 56651 | Depths:2 | Reached skill level 27 in Fighting
 56651 | Depths:2 | Reached XP level 24. HP: 166/249 MP: 17/22
 56656 | Depths:2 | Killed a juggernaut
 58165 | Depths:3 | Noticed Bai Suzhen
 58176 | Depths:3 | Killed Bai Suzhen
 58542 | Depths:3 | Found a one-way gate leading to the halls of Pandemonium.
 58620 | Depths:3 | Noticed Jory
 58643 | Depths:3 | Killed Jory
 58926 | Depths:3 | Found a glowing golden altar of the Shining One.
 58948 | Depths:3 | Noticed Margery
 58958 | Depths:3 | Killed Margery
 58959 | Depths:3 | Reached skill level 15 in Evocations
 58992 | Depths:3 | Identified the +5 dire flail of Tender Mercy {vorpal,
                  | Will++ MP+9}
 59880 | Depths:4 | Found a gateway to a ziggurat.
 60227 | Depths:4 | Reached XP level 25. HP: 252/257 MP: 22/22
 60400 | Depths:4 | Found a one-way gate to the infinite horrors of the Abyss.
 60428 | Depths:4 | Found Huehowuf's Book Emporium.
 61449 | Depths:4 | Found Umaqoi's Book Boutique.
 61450 | Depths:4 | Found Queruh's Jewellery Emporium.
 61451 | Depths:4 | Found Loen's Book Boutique.
 61464 | Depths:4 | Bought the brooch of Shielding {Spirit SH+8} for 712 gold
                  | pieces
 61464 | Depths:4 | Found the brooch of Shielding {Spirit SH+8}
 61653 | Depths:5 | Entered Level 5 of the Depths
 61722 | Depths:5 | Found a flickering gateway to a bazaar.
 61726 | Depths:5 | Found Sonet's Book Shop.
 61756 | Depths:5 | Found a magical portal.
 61765 | WizLab   | Entered Iskenderun's Mystic Tower
 62601 | WizLab   | Got Iskenderun's Catalogue of Arcane Weapons
 62601 | WizLab   | Got Iskenderun's Volume of Battle Magic
 62791 | Depths:5 | Found Lydiam's Magic Scroll Emporium.
 62799 | Depths:5 | Bought a scroll of acquirement for 936 gold pieces
 62799 | Depths:5 | Bought a scroll of blinking for 135 gold pieces
 63194 | Depths:5 | Gained mutation: You are dopey. (Int -2) [a shining eye]
 63196 | Depths:5 | Gained mutation: You occasionally shout uncontrollably at
                  | your foes. [a shining eye]
 63211 | Depths:5 | Found a shadowy altar of Dithmenos.
 63212 | Depths:5 | Lost mutation: You are dopey. (Int -2) [potion of mutation]
 63212 | Depths:5 | Lost mutation: You occasionally shout uncontrollably at
                  | your foes. [potion of mutation]
 63212 | Depths:5 | Gained mutation: You have sharp fingernails. [potion of
                  | mutation]
 63212 | Depths:5 | Gained mutation: Your flesh is cold resistant. (rC+)
                  | [potion of mutation]
 63510 | Depths:5 | Found a gate to the Realm of Zot.
 63758 | Depths:5 | Found Xominoat's Distillery.
 63810 | Depths:5 | Bought a potion of curing for 45 gold pieces
 63810 | Depths:5 | Bought a potion of heal wounds for 75 gold pieces
 64048 | Depths:5 | Identified the +3 scale mail "Fofes" {rN+ Dex+2}
 64544 | Orc:1    | Killed Sonja
 64843 | Elf:3    | Killed tape's ghost
 65498 | D:1      | Bought a pitted plate armour for 588 gold pieces
 65498 | D:1      | Identified the +1 plate armour of Hubris {Str+4} (You
                  | bought it in a shop on level 1 of the Dungeon)
 65498 | D:1      | Bought a pair of distressingly furry gloves for 199 gold
                  | pieces
 65498 | D:1      | Identified the +0 pair of gloves of the Lizard {Contam
                  | rElec Dex+3} (You bought it in a shop on level 1 of the
                  | Dungeon)
 65498 | D:1      | Bought a pair of runed gloves for 157 gold pieces
 65819 | Swamp:1  | Entered Level 1 of the Swamp
 65870 | Swamp:1  | Reached XP level 26. HP: 266/266 MP: 22/22
 66220 | Swamp:1  | Noticed Nikola
 66237 | Swamp:1  | Killed Nikola
 67024 | Swamp:2  | Identified the +2 chain mail of Midsummer {Int+6}
 67116 | Swamp:2  | Noticed Donald
 67123 | Swamp:2  | Reached skill level 27 in Shields
 67127 | Swamp:2  | Killed Donald
 67369 | Swamp:3  | Noticed Mlioglotl
 67396 | Swamp:3  | Killed Mlioglotl
 67613 | Swamp:3  | Noticed Roxanne
 67624 | Swamp:3  | Killed Roxanne
 67947 | Swamp:4  | Entered Level 4 of the Swamp
 67975 | Swamp:4  | Reached skill level 10 in Dodging
 69029 | Swamp:4  | Got a decaying rune of Zot
 69780 | Crypt:1  | Entered Level 1 of the Crypt
 69800 | Crypt:1  | Noticed Xtahua
 69813 | Crypt:1  | Killed Xtahua
 70442 | Crypt:1  | You are sucked into a shaft and drop 1 floor!
 71366 | Crypt:3  | Entered Level 3 of the Crypt
 71451 | Crypt:3  | Reached XP level 27. HP: 273/273 MP: 22/22
 71773 | Crypt:3  | Noticed a dread lich
 71774 | Crypt:3  | Found a basalt altar of Yredelemnul.
 71780 | Crypt:3  | Killed a dread lich
 71818 | Crypt:3  | Found the +7 sceptre of Torment {pain, torment}
 71821 | Crypt:3  | Got the Almanac of Dusty Bewitchment
 71904 | Crypt:3  | Found a staircase to the Tomb.
 72418 | Crypt:3  | Reached skill level 27 in Armour
 73138 | Zot:1    | Entered Level 1 of the Realm of Zot
 74233 | Zot:1    | Found Xufaoss's Changing Room.
 74244 | Zot:1    | Bought a potion of mutation for 104 gold pieces
 74244 | Zot:1    | Bought a potion of mutation for 104 gold pieces
 76080 | Zot:2    | Noticed an orb of fire
 76085 | Zot:2    | Killed from afar by an orb of fire

Illustrated notes

Levels and vault maps discovered:
D:1:      dpeg_arrival_windows_large_door, layout_basic, serial_shops,
          nicolae_shop_statue_plus
D:2:      layout_basic, basic_altar
D:3:      layout_rooms, serial_rivers, chequers_serial_rivers_small_b,
          chequers_serial_rivers_large_b, chequers_serial_rivers_room_a,
          chequers_serial_rivers_marsh, chequers_serial_rivers_small_a
D:4:      layout_cave_pools, cheibrodos_sewer_entry_drain
D:5:      layout_rooms, makhleb_altar_promises_db, uniq_grinder, uniq_pikel
D:6:      layout_basic, serial_shops, shop_statue,
          nicolae_ossuary_entry_false_entrances
D:7:      layout_cave_pools, jmf_multi_god_temple, minmay_temple_entry_hall
D:8:      layout_layer_cave, mainiacjoe_overflow_catch_the_wave, enter_bailey_2,
          ebering_ghost_rock_garden, uniq_harold
D:9:      layout_rooms, gammafunk_ghost_cemetery, kennysheep_small_circle
D:10:     layout_stronghold, mainiacjoe_overflow_24_doors,
          ebering_ghost_reflecting_pool, kennysheep_windowed_goal
D:11:     layout_irregular_city, lair_entry_dummy, minmay_orc_entry_temple_small
D:12:     minmay_textured_paths, layout_irregular_city
D:13:     layout_small_grid, beargit_elvish_explorers
D:14:     layout_loops_cross, lightli_vaults_fourway_checkpoint,
          amcnicky_mini_pool_small
D:15:     grunt_enter_depths_hoard, layout_stronghold, minivault_19
Temple:   nicolae_temple_elliptical
Lair:1:   layout_cave_pods, ebering_ghost_xom, grunt_megastairs_3
Lair:2:   layout_gridlike
Lair:3:   layout_misc_corridors, spider_nest_entry_a, pf_torpor_hydra,
          grunt_megastairs_4
Lair:4:   layout_regular_city, palyth_hydra_swamp_entry, serial_bayou_shore_b,
          grunt_megastairs_2, uniq_snorg
Lair:5:   layout_misc_corridors, minmay_slime_entry_pillars
Lair:6:   hangedman_lair_tendril_chambers, layout_regular_city, wormcave,
          nicolae_quartered_pool_medium, serial_bayou_pond_c, lemuel_fruit_tree
Swamp:1:  layout_basic_swamp, nicolae_swamp_dense_foliage, uniq_nikola
Swamp:2:  layout_basic_swamp, evilmike_swamp_ruin_house_2, swamp_pool5,
          uniq_donald
Swamp:3:  layout_basic_swamp, evilmike_swamp_ruin_rubble_1,
          cheibrodos_swamp_witchery, infiniplex_staircase_pool_2, uniq_roxanne,
          uniq_mlioglotl
Swamp:4:  nzn_swamp_witches_coven, layout_basic_swamp, nicolae_swamp_oxbows
Spider:1: layout_spider_delve, nicolae_spider_undead_wolf_pack
Spider:2: layout_chambers, uniq_arachne
Spider:3: layout_chambers
Spider:4: grunt_spider_rune_island
Orc:1:    layout_diamond_mine, uniq_sonja
Orc:2:    grunt_orc_community_town_hall, layout_caves,
          grunt_orc_community_big_house_1, grunt_orc_community_big_house_1,
          grunt_orc_community_house_2, grunt_orc_community_house_1,
          grunt_orc_community_house_2, grunt_orc_community_house_3,
          serial_shops, shop_fountains
Elf:1:    layout_gridlike, serial_shops, shop, hangedman_elf_disciples
Elf:2:    nicolae_elf_blades_splatter_lattice
          [nicolae_blade_entry_splitting_headache], layout_rooms
Elf:3:    elf_hall, layout_onion_city, gammafunk_ghost_wrathful_warriors
Vaults:1: v_rooms_2, vaults_mumra_hexcomb, st_quartered_hall,
          vaults_mumra_minichess, grunt_vaults_bifocal, hangedman_vaults_pinch,
          hangedman_vaults_locks, v_misc_15, vaults_mumra_minichess_inversion,
          vaults_room_grid, ontoclasm_vaults_tryst, layout_vaults_omnibox,
          serial_shops, bzr_entry_safe
Vaults:2: ontoclasm_vaults_gateway, minmay_crypt_entry_skeletal_spiral,
          hangedman_vaults_restitches, hangedman_vaults_nodes,
          ontoclasm_vaults_chip, ontoclasm_vaults_ring_small,
          ontoclasm_vaults_idyll, nicolae_vaults_specimen_jars, v_misc_10,
          vaults_room_guarded_vault, layout_vaults_big_room, serial_shops,
          nicolae_shop_window_shopping
Vaults:3: nicolae_vaults_twisting_passages,
          vaults_standard_mumra_enter_the_diamond,
          vaults_room_grunt_arrival_ludios, grunt_vaults_swirl,
          nicolae_vaults_little_squares_6, v_misc_29, v_misc_5, v_misc_23,
          layout_vaults_omnicross, serial_shops, nicolae_shop_window_shopping
Vaults:4: nicolae_vaults_circle_grid_b, vaults_room_pools,
          nicolae_vaults_inception_network, hangedman_vaults_river_flow,
          ontoclasm_vaults_idyll, ontoclasm_vaults_loading_screen,
          nicolae_vaults_little_squares_5, nicolae_vaults_little_squares_5,
          v_misc_8, v_misc_29, v_misc_5, v_misc_11, layout_vaults_maze,
          serial_shops, bzr_entry_customers
Vaults:5: serial_shops
Crypt:1:  layout_misc_corridors, uniq_xtahua
Crypt:2:  layout_misc_corridors, minmay_misc_feat_rows
Crypt:3:  cryptofortress_bobbens
Depths:1: layout_cave_pools, serial_glass, glass_columns_a, glass_columns_b,
          pf_hell_entry_tar_spiral, nicolae_hepliaklqana_hazy_memory,
          lemuel_old_faithful
Depths:2: minmay_central_circle, layout_gridlike, serial_shops, shop_fountains,
          minmay_misc_feat_encased, grunt_hell_horde, firewood_loft
Depths:3: minmay_ornate_pinched, layout_basic, grunt_pan_entry_zigzag,
          grunt_decor_resistance, hell_entry, fountainhead, tso_metal_star,
          uniq_margery, uniq_bai_suzhen, uniq_jory
Depths:4: minmay_spriggan_fort, layout_cave_pools, enter_ziggurat_c,
          rand_demon_pan_entry_3, serial_shops, shop, hell_entry, serial_glass,
          glass_columns_a, glass_columns_b, abyss_entry,
          infiniplex_staircase_split_hallway, minmay_shop_grove
Depths:5: grunt_bruiser_brothers, layout_cave_pools, mu_enter_wizlab_3,
          hell_entry, serial_shops, bzr_entry_dummy, nicolae_shop_stone, shop,
          shop, grunt_dithmenos_smoke, serial_bayou_shore_a
Zot:1:    layout_gridlike, nicolae_transmutations_shop, bh_zot_lava_cross,
          skrybe_zot_glass_2
Zot:2:    grunt_zot_stairs_mandelzot, layout_concentric_octagons

Skill      XL: |  1  2  3  4  5  6  7  8  9 10 11 12 13 14 15 16 17 18 19 20 21 22 23 24 25 26 27 |
---------------+----------------------------------------------------------------------------------+-----
Armour         | 4 5 6 7 9 10 12 13 14 15 16 17 18 19 20 22 23 26 27 | 27.0
Fighting       | 4 5 6 7 9 10 11 13 14 15 16 19 21 23 25 27 | 27.0
Shields        | 4 5 6 7 9 10 11 12 14 17 19 21 23 24 25 26 27 | 27.0
Dodging        | 1 2 3 4 5 6 7 8 9 10 13 | 13.3
Axes           | 8 11 13 15 16 17 18 20 | 20.3
Evocations     | 1 3 7 8 10 11 13 15 16 17 | 17.3

Action                   |  1- 3 |  4- 6 |  7- 9 | 10-12 | 13-15 | 16-18 | 19-21 | 22-24 | 25-27 || total
-------------------------+-------+-------+-------+-------+-------+-------+-------+-------+-------++-------
Melee: War axe           |    81 |   111 |   272 |   635 |   997 |       |       |       |       ||  2096
       Headbutt          |     9 |    19 |    64 |   175 |   354 |   357 |   357 |   319 |   546 ||  2200
       Glaive            |       |       |       |       |     5 |       |       |       |       ||     5
       Scimitar          |       |       |       |       |    56 |       |       |       |       ||    56
       Broad axe         |       |       |       |       |   160 |  1275 |  1171 |   889 |  1599 ||  5094
Throw: Javelin           |       |       |       |       |     2 |       |       |       |       ||     2
Invok: Potion Petition   |       |       |       |     1 |       |     1 |       |       |       ||     2
Evoke: Lightning rod     |       |       |       |     5 |    10 |    12 |       |    10 |     1 ||    38
       Wand              |       |       |       |     5 |       |     1 |     1 |       |     2 ||     9
       Condenser vane    |       |       |       |       |     2 |     5 |     3 |     3 |     2 ||    15
       Tin of tremorston |       |       |       |       |     2 |     4 |     2 |     5 |     6 ||    19
       Phial of floods   |       |       |       |       |       |     2 |     1 |     3 |     1 ||     7
       Box of beasts     |       |       |       |       |       |       |     2 |     6 |     3 ||    11
       Phantom mirror    |       |       |       |       |       |       |       |     1 |     1 ||     2
  Use: Scroll            |     1 |       |    13 |    12 |    13 |    22 |     3 |       |     4 ||    68
       Potion            |       |       |     1 |     7 |     1 |    10 |       |     3 |     2 ||    24
 Stab: Invisible         |       |     1 |     2 |    12 |    21 |    22 |     5 |     4 |     3 ||    70
       Distracted        |       |       |       |     5 |     4 |    10 |     8 |    13 |    15 ||    55
Armor: Scale mail        |     4 |       |       |       |       |       |       |       |       ||     4
       Plate armour      |    48 |    63 |   170 |   228 |   327 |   453 |   128 |   175 |   286 ||  1878
Dodge: Dodged            |    21 |    52 |   154 |   349 |   522 |   405 |   213 |   251 |   343 ||  2310
Block: Kite shield       |    39 |    57 |   180 |   382 |    89 |       |       |       |       ||   747
       Tower shield      |       |       |       |       |  1202 |  1711 |   980 |   848 |  1715 ||  6456
       Reflection        |       |       |       |       |    35 |    45 |   111 |    29 |    44 ||   264
       Rpst.: Broad axe  |       |       |       |       |       |     7 |    33 |    16 |       ||    56

Table legend: (Time is in decaauts)
 A = Elapsed time spent in this place.
 B = Non-inter-level travel time spent in this place.
 C = Inter-level travel time spent in this place.
 D = Time resting spent in this place.
 E = Time spent auto-exploring this place.
 F = Levels seen in this place.
 G = Mean time per level.
                   A        B        C        D        E       F      G
               +--------+--------+--------+--------+--------+-----+--------+
         Total |  75230 |  68844 |   6386 |   8985 |  45025 |  58 | 1297.1 |
       Dungeon |  20191 |  17616 |   2575 |   3786 |  10776 |  15 | 1346.1 |
        Temple |    149 |    122 |     27 |      0 |    107 |   1 |  149.0 |
          Lair |  10570 |   9356 |   1214 |    669 |   7182 |   6 | 1761.7 |
         Swamp |   3461 |   3277 |    184 |     60 |   2554 |   4 |  865.2 |
   Spider Nest |   7599 |   7377 |    222 |   1168 |   4866 |   4 | 1899.8 |
  Orcish Mines |   2942 |   2561 |    381 |    895 |    954 |   2 | 1471.0 |
   Elven Halls |   3870 |   3554 |    316 |    241 |   2403 |   3 | 1290.0 |
        Vaults |   8464 |   7769 |    695 |    920 |   4683 |   5 | 1692.8 |
         Crypt |   2903 |   2756 |    147 |      0 |   2046 |   3 |  967.7 |
        Depths |   8324 |   7884 |    440 |    607 |   5557 |   5 | 1664.8 |
           Zot |   2865 |   2685 |    180 |    105 |   2143 |   2 | 1432.5 |
         Abyss |   1275 |   1275 |      0 |      0 |    680 |   2 |  637.5 |
        Bazaar |    319 |    319 |      0 |      0 |    184 |   2 |  159.5 |
         Sewer |    460 |    460 |      0 |      0 |    278 |   1 |  460.0 |
       Ossuary |    414 |    414 |      0 |      0 |    183 |   1 |  414.0 |
        Bailey |    456 |    456 |      0 |    283 |      0 |   1 |  456.0 |
        Wizlab |    961 |    961 |      0 |    249 |    428 |   1 |  961.0 |
               +--------+--------+--------+--------+--------+-----+--------+

Top non-repeatable levels by time:
    D:11: 2564 daAuts
   Orc:2: 2462 daAuts
Depths:2: 2371 daAuts
    D:10: 2360 daAuts
Spider:4: 2342 daAuts
Spider:3: 2304 daAuts
Vaults:4: 2266 daAuts
    D:12: 2151 daAuts
  Lair:6: 1967 daAuts
Vaults:1: 1953 daAuts
   Zot:1: 1935 daAuts
    D:15: 1860 daAuts
  Lair:5: 1837 daAuts
    D:13: 1784 daAuts
Vaults:2: 1765 daAuts
